 Dungeon Crawl Stone Soup version 0.30-a0-165-g1891117ce2 (webtiles) character file.

Game seed: 887494118802500029

268 qw the Chopper (level 6, -7/38 HPs)
             Began as a Gargoyle Fighter on Sept 28, 2022.
             Mangled by an ogre
             ... wielding a +0 giant club
              (21 damage)
             ... on level 4 of the Dungeon.
             The game lasted 00:01:33 (4013 turns).

qw the Chopper (Gargoyle Fighter)                   Turns: 4013, Time: 00:01:34

Health: -7/38      AC: 15    Str: 21    XL:     6   Next: 21%
Magic:  6/6        EV:  7    Int:  9    God:
Gold:   173        SH:  4    Dex:  9    Spells: 5/5 levels left

rFire   . . .      SeeInvis .    Y - +0 war axe
rCold   . . .      Faith    .    c - +0 buckler
rNeg    + . .      Spirit   .    h - +1 chain mail {rPois}
rPois   inf        Reflect  .    (no helmet)
rElec   +          Harm     .    (no cloak)
rCorr   .          Rampage  .    l - +0 pair of gloves
Will    .....                    (no boots)
Stlth   ..........               (no amulet)
HPRegen 0.12/turn                (no ring)
MPRegen 0.10/turn                (no ring)

@: no status effects
A: sickness immunity, AC +4, negative energy resistance 1, electricity
resistance, torment resistance 1, petrification resistance
a: no special abilities


You were on level 4 of the Dungeon.
You visited 1 branch of the dungeon, and saw 4 of its levels.

You collected 173 gold pieces.


Innate Abilities, Weirdness & Mutations

You are immune to sickness and miasma.
Your stone body is resilient. (AC +4)
You are immune to poison.
You resist negative energy. (rN+)
You are resistant to electric shocks. (rElec)
You are resistant to unholy torment.
You are immune to petrification.


   Skills:
 - Level 4.2 Fighting
 + Level 5.3 Axes
 - Level 3.2 Armour
 - Level 3.2 Shields


You had 5 spell levels left.
You didn't know any spells.
Your spell library was empty.

Inventory:

Hand Weapons
 e - a +0 flail
 g - the +10 whip "Gargoyle's Regret" {vorpal, rPois Will+ Str-2 SInv}
   (You found it on level 3 of the Dungeon)

   It inflicts extra damage upon your enemies.
   Str:       It affects your strength (-2).
   rPois:     It protects you from poison.
   SInv:      It lets you see invisible.
   Will:      It increases your willpower.
 j - a +0 hand axe of holy wrath
 Y - a +0 war axe (weapon)
Armour
 c - a +0 buckler (worn)
 h - a +1 chain mail of poison resistance (worn)
 l - a +0 pair of gloves (worn)
Scrolls
 a - a scroll of identify
 f - 3 scrolls of teleportation
Potions
 b - 2 potions of curing
 d - a potion of might
 i - a potion of degeneration {unknown}
 k - 2 potions of lignification
 o - a potion of brilliance {unknown}

Dungeon Overview and Level Annotations

Branches:
Dungeon (4/15)
 Temple: D:4-7

Altars:
Nemelex Xobeh
Trog


Message History

You see here a +0 flail.
You see here a +0 spear.
You now have 173 gold pieces (gained 14).
Done exploring.
Done exploring.
3987 ||| DROPPING amulet of magic regeneration.
You drop an amulet of magic regeneration.
Done exploring.
3988 ||| READING scroll labelled IHOBAU RIEWUT.
As you read the scroll labelled IHOBAU RIEWUT, it crumbles to dust.
Wisps of shadow whirl around you...
It was a scroll of summoning.
Done exploring.
3989 ||| DRINKING 3 murky ruby potions.
It was a potion of curing.
You feel better.
Done exploring.
(D) Dungeon
Where to? (* - list waypoints, Enter - D:3, ? - help)
What level of the Dungeon? (default 1, ? - help)
You swap places.
You swap places.
You swap places.
There is a stone staircase leading down here.
You climb downwards.
There is a stone staircase leading up here.
An ogre is nearby!
You slash the ogre!
The ogre is heavily wounded.
You block the ogre's attack.
You slash the ogre!
The ogre is almost dead.
The ogre hits you with a +0 giant club!!
Ouch! That really hurt!
You barely miss the ogre.
The ogre is almost dead.
The ogre hits you with a +0 giant club.
You barely miss the ogre.
The ogre is almost dead.
The ogre hits you with a +0 giant club!!
Ouch! That really hurt!
You die...

#.............
#...<.............
#.................
#.................
#...............!.
#...............#
#######...............#
..........(.....O.....#
.........¤¤¤#...@.....#
..........¤¤#...#####'#
............#......
............#........
......................
.........##...........
.........##...........
.........##...#######.
.........# ...


You could see an ogre.

Vanquished Creatures
  A jelly (D:4)
  2 orc wizards (D:4)
  4 gnolls (D:3)
  4 adders
  A worm (D:3)
  5 dart slugs
  4 orcs (D:4)
  5 ball pythons
  10 endoplasms
  6 giant cockroaches
  14 goblins
  7 hobgoblins
  7 kobolds
  2 quokkas
  10 bats
  7 frilled lizards
  8 rats
97 creatures vanquished.

Vanquished Creatures (others)
  2 plants (D:2)
2 creatures vanquished.

Grand Total: 99 creatures vanquished

Notes
Turn   | Place    | Note
-------+----------+-------------------------------------------
     0 | D:1      | qw the Gargoyle Fighter began the quest for the Orb.
     0 | D:1      | Reached XP level 1. HP: 14/14 MP: 1/1
     0 | D:1      | 0 ||| qw: Version: 0.2-a-12-gaebbb33
     0 | D:1      | 0 ||| qw: Game counter: 757
     0 | D:1      | 0 ||| qw: Always use a shield: true
     0 | D:1      | 0 ||| qw: God list: Okawaru
     0 | D:1      | 0 ||| qw: Allow faded altars: false
     0 | D:1      | 0 ||| qw: Do Orc after D:15 true
     0 | D:1      | 0 ||| qw: Do second Lair branch before Depths: true
     0 | D:1      | 0 ||| qw: Lair rune preference: random
     0 | D:1      | 0 ||| qw: Plans: Normal, Zot:1-4, God:TSO, Crypt, Tomb,
                  | Pan, Slime:5, Hells, Abyss, Orb
     0 | D:1      | 0 ||| PLANNING D:1-11
   137 | D:1      | Reached skill level 2 in Axes
   142 | D:1      | 142 ||| Stepping ~*~*~tactically~*~*~ (stealth).
   153 | D:1      | 153 ||| Stepping ~*~*~tactically~*~*~ (stealth).
   165 | D:1      | 165 ||| Stepping ~*~*~tactically~*~*~ (stealth).
   179 | D:1      | 179 ||| Stepping ~*~*~tactically~*~*~ (stealth).
   180 | D:1      | 180 ||| Stepping ~*~*~tactically~*~*~ (stealth).
   186 | D:1      | Reached XP level 2. HP: 14/19 MP: 2/2
   276 | D:1      | 276 ||| Stepping ~*~*~tactically~*~*~ (stealth).
   333 | D:1      | 333 ||| Stepping ~*~*~tactically~*~*~ (stealth).
   359 | D:1      | 359 ||| Stepping ~*~*~tactically~*~*~ (stealth).
   509 | D:1      | 509 ||| Stepping ~*~*~tactically~*~*~ (stealth).
   510 | D:1      | 510 ||| Stepping ~*~*~tactically~*~*~ (stealth).
   570 | D:1      | Reached skill level 3 in Axes
   572 | D:1      | Reached XP level 3. HP: 23/23 MP: 3/3
   836 | D:1      | 836 ||| Stepping ~*~*~tactically~*~*~ (stealth).
   842 | D:1      | 842 ||| Stepping ~*~*~tactically~*~*~ (hiding).
   843 | D:1      | 843 ||| Stepping ~*~*~tactically~*~*~ (hiding).
  1083 | D:1      | 1083 ||| UPGRADING to +1 chain mail of poison resistance.
  1093 | D:1      | 1093 ||| DROPPING +0 scale mail.
  1094 | D:1      | 1094 ||| UPGRADING to +0 pair of gloves.
  1099 | D:1      | 1099 ||| READING 3 scrolls labelled QUWAIV PUSYHE.
  1100 | D:1      | 1100 ||| READING 3 scrolls labelled XUSUTT VACWAI.
  1105 | D:1      | 1105 ||| READING scroll labelled YMOBOB BOCUENG.
  1106 | D:1      | 1106 ||| READING scroll labelled YKICIG OJEB.
  1107 | D:1      | 1107 ||| DRINKING 3 ruby potions.
  1123 | D:1      | 1123 ||| READING 2 scrolls of identify.
  1123 | D:1      | 1123 ||| IDENTIFYING green potion
  1137 | D:1      | 1137 ||| Stepping ~*~*~tactically~*~*~ (stealth).
  1251 | D:2      | 1251 ||| Stepping ~*~*~tactically~*~*~ (stealth).
  1265 | D:2      | Reached XP level 4. HP: 23/28 MP: 4/4
  1286 | D:2      | 1286 ||| Stepping ~*~*~tactically~*~*~ (stealth).
  1289 | D:2      | 1289 ||| Stepping ~*~*~tactically~*~*~ (stealth).
  1366 | D:2      | 1366 ||| Stepping ~*~*~tactically~*~*~ (hiding).
  1373 | D:2      | Reached skill level 4 in Axes
  1522 | D:2      | 1522 ||| DROPPING +0 club.
  1768 | D:2      | 1768 ||| Stepping ~*~*~tactically~*~*~ (stealth).
  1937 | D:2      | Found a faded altar of an unknown god.
  2020 | D:2      | Identified the +4 ring mail of Woxeh {Dex+2}
  2033 | D:2      | 2033 ||| Stepping ~*~*~tactically~*~*~ (stealth).
  2034 | D:2      | 2034 ||| Stepping ~*~*~tactically~*~*~ (stealth).
  2036 | D:2      | 2036 ||| Stepping ~*~*~tactically~*~*~ (stealth).
  2037 | D:2      | 2037 ||| Stepping ~*~*~tactically~*~*~ (stealth).
  2071 | D:2      | 2071 ||| Stepping ~*~*~tactically~*~*~ (stealth).
  2231 | D:2      | 2231 ||| DROPPING +4 ring mail of Woxeh {Dex+2}.
  2232 | D:2      | 2232 ||| READING 2 scrolls labelled DEMOTEYGRO.
  2333 | D:2      | 2333 ||| READING 2 scrolls labelled SOEGUI QEKLAIP.
  2334 | D:2      | 2334 ||| READING scroll labelled JACSAD NUJAE.
  2335 | D:2      | 2335 ||| READING scroll labelled ESCHER OGHATSUI.
  2336 | D:2      | 2336 ||| DROPPING scroll of silence.
  2337 | D:2      | 2337 ||| DROPPING scroll of blinking.
  2384 | D:3      | 2384 ||| Stepping ~*~*~tactically~*~*~ (hiding).
  2386 | D:3      | 2386 ||| Stepping ~*~*~tactically~*~*~ (hiding).
  2463 | D:3      | Reached XP level 5. HP: 32/32 MP: 5/5
  2557 | D:3      | 2557 ||| Stepping ~*~*~tactically~*~*~ (stealth).
  2729 | D:3      | 2729 ||| DROPPING +0 mace.
  2732 | D:3      | You fall into a shaft and drop 1 floor!
  2762 | D:4      | Reached skill level 5 in Axes
  2784 | D:4      | HP: 8/32 [something/magic dart (5)]
  3068 | D:4      | Found a sparkling altar of Nemelex Xobeh.
  3074 | D:4      | Reached XP level 6. HP: 30/38 MP: 6/6
  3143 | D:4      | Found a bloodstained altar of Trog.
  3169 | D:4      | Noticed a black bear
  3171 | D:4      | 3171 ||| Stepping ~*~*~tactically~*~*~ (hiding).
  3183 | D:4      | HP: 7/38 [gnoll/+0 flail[a gnoll bouda] (5)]
  3184 | D:4      | 3184 ||| READING 3 scrolls of teleportation.
  3185 | D:4      | 3185 ||| DRINKING potion of heal wounds.
  3342 | D:4      | 3342 ||| READING scroll labelled LAUM KUMOMEC.
  3343 | D:4      | 3343 ||| READING scroll labelled WYN ADYTA.
  3392 | D:3      | Identified the +10 whip "Gargoyle's Regret" {vorpal, rPois
                  | Will+ Str-2 SInv}
  3595 | D:3      | 3595 ||| Stepping ~*~*~tactically~*~*~ (hiding).
  3597 | D:3      | 3597 ||| Stepping ~*~*~tactically~*~*~ (hiding).
  3987 | D:3      | 3987 ||| DROPPING amulet of magic regeneration.
  3988 | D:3      | 3988 ||| READING scroll labelled IHOBAU RIEWUT.
  3989 | D:3      | 3989 ||| DRINKING 3 murky ruby potions.
  4013 | D:4      | Mangled by an ogre

Levels and vault maps discovered:
D:1:      amcnicky_arrival_gap_in_the_tavern_cellar, layout_rooms,
          minmay_worlds_worst_comb
D:2:      minmay_skewed_foursquare, layout_basic,
          shapermc_ecumenical_altar_mp_ritualfount, grunt_ministairs_3
D:3:      layout_basic, nicolae_figureground_pulse
D:4:      layout_basic, zin_statuary, jmf_multi_god_temple, eino_tiny_chamber,
          uniq_eustachio

Skill      XL: |  1  2  3  4  5 |
---------------+----------------+-----
Axes           | 2 3 4 5 |  5.3
Fighting       | 4 |  4.2
Armour         | |  3.2
Shields        | |  3.2

Action                   |  1- 3 |  4- 6 || total
-------------------------+-------+-------++-------
Melee: War axe           |   116 |   193 ||   309
Throw: Boomerang         |       |     5 ||     5
  Use: Scroll            |     5 |     8 ||    13
       Potion            |     1 |     2 ||     3
Armor: Scale mail        |    28 |       ||    28
       Chain mail        |    13 |   123 ||   136
Dodge: Dodged            |    54 |    58 ||   112
Block: Buckler           |    16 |    38 ||    54

Table legend:
 A = Non-vault XP
 B = Vault XP
 C = Vault XP percentage of total XP
 D = Non-vault monster count
 E = Vault monster count
 F = Vault count percentage of total count
                 A         B        C        D         E       F
            +---------+---------+-------+---------+---------+-------
      Total |     300 |      84 |  21.9 |      86 |      11 |  11.3
            +---------+---------+-------+---------+---------+-------
        D:1 |      61 |       4 |   6.2 |      35 |       2 |   5.4
        D:2 |      48 |      34 |  41.5 |      21 |       7 |  25.0
        D:3 |      99 |       0 |   0.0 |      20 |       0 |   0.0
        D:4 |      92 |      46 |  33.3 |      10 |       2 |  16.7
            +---------+---------+-------+---------+---------+-------
